 Dungeon Crawl Stone Soup version 0.30-a0-808-g6e0788376e (webtiles) character file.

Game seed: 9286307328027869988

10888 sasquatch the Thaumaturge (level 12, 0/91 HPs)
             Began as a Djinni Fire Elementalist on Feb 26, 2023.
             Was a Priest of Makhleb.
             Slain by an ice dragon (3 damage)
             ... on level 11 of the Dungeon on Feb 27, 2023.
             The game lasted 00:37:29 (9852 turns).

sasquatch the Thaumaturge (DjFE)                    Turns: 9852, Time: 00:37:29

Health: 0/91       AC:  7    Str:  6    XL:     12   Next: 0%
Gold:   436        EV: 12    Int: 26    God:    Makhleb [***...] SH:  5 Dex: 16

rFire   + + .      SeeInvis .    A - staff of conjuration
rCold   . . .      Faith    .    (no shield)
rNeg    + . .      Spirit   .    a - +0 robe
rPois   ∞          Reflect  +    p - +0 helmet
rElec   .          Harm     .    H - +2 ratskin cloak {*Rats rPois rN+ Str-1 Int-1 Dex+1}
rCorr   .          Rampage  .    s - +0 pair of gloves
Will    +....                    (boots unavailable)
Stlth   ++                       D - amulet of reflection
HPRegen 0.35/turn                F - ring of protection from cold
MPRegen 0.00/turn                C - +6 ring of intelligence

@: flying
A: sickness immunity, fire resistance 2, cold vulnerability 1, float, innate
caster, HP casting, extra vitality 1
a: Renounce Religion, Minor Destruction, Lesser Servant of Makhleb


You were on level 11 of the Dungeon.
You worshipped Makhleb.
Makhleb was most pleased with you.
You visited 2 branches of the dungeon, and saw 12 of its levels.

You collected 436 gold pieces.

Inventory:

Hand Weapons
 h - the +7 arbalest of Trog's Hatred {heavy, Str+5 Dex-3 Stlth+}
   (You found it on level 7 of the Dungeon)

   Str:       It affects your strength (+5).
   Dex:       It affects your dexterity (-3).
   Stlth:     It makes you more stealthy.
 v - a +2 short sword of venom
Missiles
 l - 24 poisoned darts
 B - 3 throwing nets
Armour
 a - a +0 robe (worn)
 p - a +0 helmet (worn)
 s - a +0 pair of gloves (worn)
 H - the +2 ratskin cloak (worn) {*Rats rPois rN+ Str-1 Int-1 Dex+1}
   (You found it on level 9 of the Dungeon)

   *Rats:     When the wearer is hurt, rats may emerge from it to assist them.
   Str:       It affects your strength (-1).
   Int:       It affects your intelligence (-1).
   Dex:       It affects your dexterity (+1).
   rPois:     It protects you from poison.
   rN:        It protects you from negative energy.
Magical Staves
 A - a staff of conjuration (weapon)
Jewellery
 C - a +6 ring of intelligence (right hand)
 D - an amulet of reflection (around neck)
 F - a ring of protection from cold (left hand)
 M - a ring of fire
Wands
 E - a wand of iceblast (2)
Scrolls
 b - 3 scrolls of butterflies
 k - a scroll of noise {unknown}
 o - 3 scrolls of vulnerability
 r - a scroll of poison
 t - a scroll of enchant armour {unknown}
 w - 2 scrolls of fear
 y - a scroll of amnesia {unknown}
 I - a scroll of blinking {unknown}
Potions
 c - 2 potions of attraction
 e - 4 potions of flight
 m - 4 potions of lignification
 n - 2 potions of might
 q - 2 potions of mutation
 u - 3 potions of haste
 K - 2 potions of berserk rage


   Skills:
 - Level 10.0 Fighting
 - Level 2.1 Dodging
 - Level 1.5 Stealth
 * Level 12.0 Spellcasting


You knew the following spells:

 Your Spells              Type           Power      Damage    Failure   Level
a - Foxfire               Conj/Fire      100%       2x1d9     1%          1
b - Scorch                Fire           100%       2d10      1%          2
c - Kindle Blastsparks    Fire/Tloc/Air  100%       2d18      1%          3
d - Inner Flame           Hex/Fire       68%        N/A       1%          3
e - Flame Wave            Conj/Fire      87%        2d19      1%          4
f - Freeze                Ice            100%       1d10      1%          1
g - Blink                 Tloc           100%       N/A       1%          2
h - Hailstorm             Conj/Ice       87%        3d17      1%          3
i - Passage of Golubria   Tloc           68%        N/A       1%          4
j - Animate Armour        Summ/Erth      100%       N/A       1%          4
Your spell library was empty.

Dungeon Overview and Level Annotations

Branches:
Dungeon (11/15)            Temple (1/1) D:6            Lair (0/5) D:8
    Orc: D:9-12

Altars:
Ashenzari
Cheibriados
Dithmenos
Elyvilon
Fedhas
Gozag
Hepliaklqana
Makhleb
Nemelex Xobeh
Okawaru
Qazlal
Ru
Trog
Uskayaw
Wu Jian
Xom
Yredelemnul
Zin
The Shining One

Portals:
Ice
Cave: D:11

Annotations:
D:3 exclusion: statue
D:4 exclusion: black bear
D:8 3 runed translucent doors, exclusions: 2 lindwurms and 1 more exclusion


Innate Abilities, Weirdness & Mutations

You are immune to sickness and miasma.
You are immune to poison.
Your flesh is very heat resistant. (rF++)
You are vulnerable to cold. (rC-)
You float through the air rather than walking.
You learn spells naturally, not from books.
Your magical power is your life essence.
You have superior vitality. (+4 MHP)


Message History

The blast of cold hits you!!!
Ouch! That really hurt!
* * * LOW HITPOINT WARNING * * *
A hell rat scurries out from under your cloak.
The polar bear bites your hell rat!
The polar bear claws your hell rat but does no damage. x2
You have reached level 12!
You feel agile.
You feel much better.
Your hell rat barely misses the polar bear.
The polar bear bites your hell rat!
Your hell rat dies!
Casting: Flame Wave (safe; 1% risk of failure)
Confirm with . or Enter, or press ? or * to list all spells.
Casting: Flame Wave (safe; 1% risk of failure)
Press: ? - help, Dir - look around, f - activate You feel a surge of power!
A wave of flame ripples out!
The flame wave engulfs the ice dragon!!!
The ice dragon is burned terribly!
The ice dragon is severely wounded. (Press . to intensify the flame waves.)
* * * LOW HITPOINT WARNING * * *
The ice dragon bites you.
* * * LOW HITPOINT WARNING * * *
You block the ice dragon's attack. The ice dragon tramples you!
* * * LOW HITPOINT WARNING * * *
You hold your ground!
A wave of flame ripples out!
The flame wave engulfs the ice dragon!
The ice dragon is burned terribly!
The ice dragon is almost dead.
The flame wave engulfs the polar bear!
The polar bear is almost dead.
The flame wave engulfs the polar bear!
The polar bear is moderately wounded.
* * * LOW HITPOINT WARNING * * *
You hear a bellow!
The ice dragon bites you.
* * * LOW HITPOINT WARNING * * *
The ice dragon claws you.
You die...

* ** *#***** ***## *,
**...*,* ### **,..#**** *,
*,.....###.##*,..,,.,,***,
*,.∩...hD@#.##.#....,,,,,,
*,....#h####......~~~,****
**.,,*#** ##....~≈≈~,,,,,
***** *....~~≈~~,,,,
*.......~~,,*,
*...~~..~~,,,,
*..~~...~,,***
*..~~...~,,,,, *******
*..~~.∩.,~,,**


You could see an ice dragon and 2 polar bears.

Vanquished Creatures
  A two-headed ogre (D:10)
  The ghost of FacelessVoid the Basher, a novice MiMo (D:6)
  Pikel (D:8)
  Joseph (D:8)
  A troll (D:11)
  Sigmund (D:4)
  A centaur simulacrum (D:11)
  A shadow (D:10)
  2 wyverns (D:8)
  22 yaks
  A wraith (D:10)
  A steam dragon (D:7)
  A warg (D:6)
  An acid dragon (D:8)
  3 water moccasins
  2 ice beasts
  5 orc warriors
  2 ogres
  3 black bears
  A wolf (D:11)
  2 centaurs
  5 phantoms
  A lemure (D:8)
  A kobold brigand (D:9)
  5 bullfrogs
  2 necrophages
  2 scorpions
  10 orc priests
  2 jellies
  A gnoll bouda (D:7)
  6 hounds
  22 orc wizards
  6 iguanas
  6 gnolls
  10 adders
  A white imp (D:8)
  An ufetubus (D:11)
  A worm (D:2)
  2 dart slugs
  45 orcs
  4 endoplasms (D:3)
  6 giant cockroaches
  8 goblins
  7 hobgoblins
  3 jackals (D:1)
  6 kobolds
  5 quokkas
  6 ball pythons
  7 bats
  2 frilled lizards (D:2)
  8 rats
  A spectral hobgoblin (D:3)
246 creatures vanquished.

Vanquished Creatures (collateral kills)
  A polar bear (D:11)
1 creature vanquished.

Vanquished Creatures (others)
  851 foxfires
851 creatures vanquished.

Grand Total: 1098 creatures vanquished

Notes
Turn   | Place    | Note
-------+----------+-------------------------------------------
     0 | D:1      | sasquatch the Djinni Fire Elementalist began the quest for
                  | the Orb.
     0 | D:1      | sasquatch set off with the following spells memorised:
                  | Foxfire, Scorch, Kindle Blastsparks, Inner Flame, Flame
                  | Wave.
     0 | D:1      | Reached XP level 1. HP: 15/15 MP: 0/0
   187 | D:1      | Reached XP level 2. HP: 20/22 MP: 0/0
   455 | D:1      | Reached skill level 1 in Fighting
   809 | D:1      | Reached XP level 3. HP: 24/27 MP: 0/0
   809 | D:1      | Learned a level 1 spell: Freeze
   812 | D:1      | Reached skill level 3 in Spellcasting
  1261 | D:2      | You are sucked into a shaft and drop 2 floors!
  1266 | D:4      | Noticed a black bear
  1284 | D:4      | Reached XP level 4. HP: 27/32 MP: 0/0
  1474 | D:4      | Noticed Sigmund
  1484 | D:4      | Killed Sigmund
  1485 | D:4      | Reached skill level 4 in Spellcasting
  1485 | D:4      | Reached XP level 5. HP: 28/40 MP: 0/0
  1485 | D:4      | Learned a level 2 spell: Blink
  1485 | D:4      | Reached XP level 6. HP: 32/46 MP: 0/0
  1625 | D:4      | Found a shimmering altar of Xom.
  1625 | D:4      | Found a shimmering altar of Xom.
  1625 | D:4      | Found a shimmering altar of Xom.
  1626 | D:4      | Found a shimmering altar of Xom.
  1631 | D:4      | Reached XP level 7. HP: 16/50 MP: 0/0
  1631 | D:4      | Learned a level 3 spell: Hailstorm
  1763 | D:4      | Found a shimmering altar of Xom.
  1764 | D:4      | Found a shimmering altar of Xom.
  1777 | D:4      | Reached skill level 5 in Spellcasting
  2402 | D:3      | Found a faded altar of an unknown god.
  3806 | D:5      | Entered Level 5 of the Dungeon
  3867 | D:5      | Reached XP level 8. HP: 53/58 MP: 0/0
  3926 | D:5      | Reached skill level 6 in Spellcasting
  4067 | D:5      | Reached skill level 5 in Fighting
  4836 | D:6      | Reached skill level 7 in Spellcasting
  4836 | D:6      | Reached XP level 9. HP: 60/66 MP: 0/0
  4836 | D:6      | Learned a level 4 spell: Passage of Golubria
  5001 | D:6      | Found a runed translucent gate.
  5001 | D:6      | Found a runed translucent gate.
  5001 | D:6      | Found a runed translucent gate.
  5012 | D:6      | Noticed FacelessVoid's ghost (novice MiMo)
  5107 | D:6      | Found a staircase to the Ecumenical Temple.
  5124 | Temple   | Entered the Ecumenical Temple
  5140 | Temple   | Became a worshipper of Makhleb the Destroyer
  5657 | D:6      | Killed FacelessVoid's ghost
  5658 | D:6      | Reached skill level 8 in Spellcasting
  5893 | D:7      | Reached XP level 10. HP: 69/75 MP: 0/0
  5915 | D:7      | Identified the +7 arbalest of Trog's Hatred {heavy, Str+5
                  | Dex-3 Stlth+}
  5963 | D:7      | Found a stormy altar of Qazlal.
  5966 | D:7      | Found an opulent altar of Gozag.
  5969 | D:7      | Found a snail-covered altar of Cheibriados.
  6193 | D:7      | Found a sparkling altar of Nemelex Xobeh.
  6293 | D:7      | Reached skill level 9 in Spellcasting
  6684 | D:7      | Reached * piety under Makhleb
  6849 | D:8      | Noticed Joseph
  6850 | D:8      | Noticed Pikel
  6950 | D:8      | Reached skill level 10 in Spellcasting
  6955 | D:8      | Killed Pikel
  6956 | D:8      | Reached XP level 11. HP: 59/84 MP: 0/0
  6956 | D:8      | Learned a level 4 spell: Animate Armour
  7469 | D:8      | Found a staircase to the Lair.
  7574 | D:8      | Killed Joseph
  7670 | D:8      | Noticed a lindwurm
  7848 | D:8      | Found a runed translucent gate.
  7848 | D:8      | Found a runed translucent gate.
  7848 | D:8      | Found a runed translucent gate.
  7849 | D:8      | Noticed a brown ugly thing
  7850 | D:8      | Noticed a brown ugly thing
  7850 | D:8      | Noticed a green ugly thing
  7850 | D:8      | Noticed a white ugly thing
  7850 | D:8      | Noticed a red ugly thing
  7851 | D:8      | Noticed a cyan ugly thing
  7854 | D:8      | Noticed a glowing orange brain
  7890 | D:8      | Noticed a lindwurm
  7904 | D:8      | Noticed a lindwurm
  7915 | D:8      | Noticed a lindwurm
  8285 | D:9      | Found the +2 ratskin cloak {*Rats rPois rN+ Str-1 Int-1
                  | Dex+1}
  8331 | D:9      | Reached ** piety under Makhleb
  8960 | D:10     | Entered Level 10 of the Dungeon
  8989 | D:10     | Noticed a two-headed ogre
  8997 | D:10     | Killed a two-headed ogre
  8998 | D:10     | Reached skill level 11 in Spellcasting
  9281 | D:10     | Reached skill level 10 in Fighting
  9810 | D:11     | Reached *** piety under Makhleb
  9819 | D:11     | Noticed a boulder beetle
  9827 | D:11     | HP: 4/85 [boulder beetle (12)]
  9841 | D:11     | Found a frozen archway.
  9842 | D:11     | Noticed an ice dragon
  9849 | D:11     | Reached skill level 12 in Spellcasting
  9849 | D:11     | HP: 3/85 [ice dragon/blast of cold (46)]
  9850 | D:11     | Reached XP level 12. HP: 3/91 MP: 0/0
  9852 | D:11     | Slain by an ice dragon

Illustrated notes

Levels and vault maps discovered:
D:1:      evilmike_arrival_hilbert_curve, layout_basic, serial_park_tiny_pond,
          minmay_tetromino_i2
D:2:      layout_rooms
D:3:      layout_basic, vehumet_statue,
          dreamdust_ecumenical_altar_drowned_temple
D:4:      layout_loops_cross, xom_redecorated, uniq_sigmund
D:5:      layout_rooms
D:6:      layout_gridville, minmay_temple_entry_glass,
          biasface_ghost_orc_armoury
D:7:      layout_basic, grunt_temple_overflow_cloverleaf,
          nemelex_spade_bored_becter, minmay_holes
D:8:      layout_rooms, david_lair_generic,
          ploomutoo_gammafunk_ghost_potion_laboratory, corexii_checkpoint_b,
          minmay_lindwurm_lava, uniq_pikel, uniq_joseph
D:9:      minmay_flawed_box, layout_loops_corners
D:10:     layout_roguey, roderic_lattice_a
D:11:     layout_basic, serial_ice, serial_ice_i, serial_ice_c, serial_ice_f,
          serial_ice_m, serial_ice_n, serial_ice_a, serial_ice_b, serial_ice_o,
          portal_ice_cave_entry_animals_and_master
Temple:   hellmonk_temple_two_chambers

Skill      XL: |  1  2  3  4  5  6  7  8  9 10 11 |
---------------+----------------------------------+-----
Fighting       | 1 3 4 5 7 9 10 | 10.0
Spellcasting   | 3 4 5 7 8 10 12 | 12.0
Dodging        | |  2.1
Stealth        | |  1.5

Action                     |  1- 3 |  4- 6 |  7- 9 | 10-12 || total
---------------------------+-------+-------+-------+-------++-------
  Melee: Rapier            |       |     9 |       |       ||     9
         Punch             |       |     1 |       |       ||     1
         Staff             |       |       |       |     1 ||     1
   Cast: Foxfire           |    75 |    38 |   294 |    89 ||   496
         Scorch            |       |       |    16 |    28 ||    44
         Flame Wave        |       |       |     7 |    33 ||    40
    Use: Potion            |       |     2 |       |     4 ||     6
         Scroll            |       |       |    10 |     8 ||    18
 Armour: Robe              |     6 |     3 |     1 |    20 ||    30
         Skin              |       |    35 |       |       ||    35
  Dodge: Dodged            |     8 |    10 |    25 |    29 ||    72
  Block: Other             |       |       |     2 |    17 ||    19
         Reflection        |       |       |       |     1 ||     1

Table legend: (Time is in decaauts)
 A = Elapsed time spent in this place.
 B = Non-inter-level travel time spent in this place.
 C = Inter-level travel time spent in this place.
 D = Time resting spent in this place.
 E = Time spent auto-exploring this place.
 F = Levels seen in this place.
 G = Mean time per level.
                   A        B        C        D        E       F      G
               +--------+--------+--------+--------+--------+-----+--------+
         Total |   9854 |   9329 |    525 |    544 |   7336 |  12 |  821.2 |
       Dungeon |   9832 |   9312 |    520 |    544 |   7326 |  11 |  893.8 |
        Temple |     22 |     17 |      5 |      0 |     10 |   1 |   22.0 |
               +--------+--------+--------+--------+--------+-----+--------+

Top non-repeatable levels by time:
     D:7: 1509 daAuts
     D:4: 1102 daAuts
     D:6: 1040 daAuts
     D:1: 1024 daAuts
     D:5: 1008 daAuts
     D:3: 977 daAuts
     D:9: 973 daAuts
    D:10: 836 daAuts
     D:2: 704 daAuts
     D:8: 599 daAuts
    D:11: 54 daAuts
  Temple: 22 daAuts
